 Dungeon Crawl Stone Soup version 0.23.0 (webtiles) character file.

Game seed: 9537628139245359133

2157 Infinimo the Martial Artist (level 9, -1/59 HPs)
             Began as a Demonspawn Transmuter on Feb 10, 2019.
             Slain by a killer bee (5 damage)
             ... on level 7 of the Dungeon.
             The game lasted 00:16:01 (9412 turns).

Infinimo the Martial Artist (Demonspawn Transmuter) Turns: 9412, Time: 00:16:01

Health: -1/59      AC:  2    Str: 12    XL:     9   Next: 10%
Magic:  8/12       EV: 19    Int: 17    God:
Gold:   463        SH:  0    Dex: 18    Spells: 8/12 levels left

rFire    . . .     SeeInvis +     - Unarmed
rCold    . . .     Gourm    .   (shield currently unavailable)
rNeg     + . .     Faith    .   (armour currently unavailable)
rPois    x         Spirit   .   (helmet currently unavailable)
rElec    .         Reflect  .   (cloak currently unavailable)
rCorr    .         Harm     .   (gloves currently unavailable)
MR       .....                  (boots currently unavailable)
Stlth    ++........             (no amulet)
HPRegen  0.19/turn              i - ring of positive energy
MPRegen  0.13/turn              l - ring of see invisible

@: about to teleport, spider-form
A: tiny, powered by pain 2
a: End Transformation


You were on level 7 of the Dungeon.
You were not hungry.
You were a venomous arachnid creature.
You visited 1 branch of the dungeon, and saw 7 of its levels.

You collected 463 gold pieces.

Inventory:

Missiles
 a - 60 arrows
Armour
 b - a +0 robe (melded)
 j - a +2 pair of boots (melded)
 q - a +0 pair of gloves (melded)
Jewellery
 i - a ring of positive energy (left front leg)
 l - a ring of see invisible (right front leg)
 D - an uncursed ring of positive energy
 E - an uncursed amulet of the gourmand {unknown}
Wands
 w - a wand of clouds (7)
Scrolls
 f - 3 scrolls of amnesia
 n - 4 scrolls of remove curse
 p - 4 scrolls of teleportation
 t - 2 scrolls of fog
 u - a scroll of fear
 v - a scroll of enchant armour
 x - a scroll of immolation {unknown}
 y - a scroll of summoning {unknown}
 z - 2 scrolls of identify
 A - a scroll of blinking {unknown}
 B - a scroll of acquirement {unknown}
Potions
 c - 2 potions of resistance
 e - a potion of mutation
 g - a potion of curing
 h - a potion of brilliance
 k - 2 potions of cancellation
 m - 2 potions of flight {unknown}
 o - a potion of might {unknown}
 r - 3 potions of heal wounds
 s - a potion of magic {unknown}
Comestibles
 d - 9 rations
 C - 9 chunks of flesh


   Skills:
 - Level 1.0 Fighting
 - Level 1.7 Dodging
 * Level 9.4 Unarmed Combat
 - Level 2.0 Spellcasting
 + Level 6.5 Transmutations


You had 8 spell levels left.
You knew the following spells:

 Your Spells              Type           Power        Failure   Level  Hunger
a - Beastly Appendage     Tmut           ###...       6%          1    #......
b - Spider Form           Tmut/Pois      ##........   34%         3    ###....

Your spell library contained the following spells:

 Spells                   Type           Power        Failure   Level  Hunger
 Sticks to Snakes         Tmut           ###.....     8%          2    ###....
 Confusing Touch          Hex            #.....       38%         1    #......
 Blade Hands              Tmut           ###.......   58%         5    ######.
 Ice Form                 Ice/Tmut       ##......     67%         4    #####..
 Petrify                  Tmut/Erth      ##......     67%         4    #####..
 Confuse                  Hex            #.......     71%         3    ###....
 Gell's Gravitas          Tloc           #.........   71%         3    ###....
 Yara's Violent Unravell  Hex/Tmut       ##........   92%         5    ######.
 Metabolic Englaciation   Hex/Ice        #.........   100%        5    ######.


Dungeon Overview and Level Annotations

Branches:
Dungeon (7/15)
 Temple: D:4-7

Altars:
Fedhas
Gozag
Trog

Shops:
D:5 [

Annotations:
D:3 3 runed translucent doors, Grim's ghost, amateur DECj; floatboth's ghost, weakling DEMo


Innate Abilities, Weirdness & Mutations

((You have razor-sharp toenails.))
You sometimes gain power by taking damage.
((You are mostly covered in sharp spines.))


Message History

You bite the killer bee!
The killer bee is poisoned.
The killer bee is heavily wounded.
* * * LOW HITPOINT WARNING * * *
You feel very sick.
You kill the killer bee!
As you read the scroll of teleportation, it crumbles to dust.
You feel strangely unstable.
* * * LOW HITPOINT WARNING * * *
You feel very sick.
You kill the killer bee!
You feel better. The killer bee stings you.
* * * LOW HITPOINT WARNING * * *
The killer bee stings you.
* * * LOW HITPOINT WARNING * * *
The killer bee is poisoned.
The killer bee is moderately wounded.
The killer bee stings you!
* * * LOW HITPOINT WARNING * * *
The killer bee stings you.
You die...

## ##.## #...# ####
###...###..#
##.....#sy..#
##......#yy..##
....yy...y#...#
..y.......#.#####
.............#..#
.........>......#
......###..#...##
..........##..)###
...........#.....##


You could see 4 killer bees.

Vanquished Creatures
  An orc warrior (D:6)
  A phantom (D:6)
  2 ice beasts
  2 ogres
  A centaur (D:7)
  2 big kobolds (D:4)
  A bullfrog (D:6)
  A gnoll sergeant (D:5)
  2 scorpions
  2 killer bees (D:7)
  3 crimson imps
  A centaur zombie (D:6)
  2 bullfrog zombies
  4 hounds
  3 orc wizards
  3 orc priests
  2 centaur skeletons
  2 bullfrog skeletons
  Ijyb (D:5)
  4 worker ants
  A killer bee zombie (D:7)
  A hound zombie (D:6)
  13 gnolls
  8 adders
  A shadow imp (D:5)
  4 adder skeletons
  2 worms
  4 dart slugs
  5 leopard geckos
  19 orcs
  7 giant cockroaches
  7 goblins
  5 hobgoblins
  6 jackals
  11 kobolds
  A ball python skeleton (D:4)
  4 bats
  4 frilled lizards
  A leopard gecko skeleton (D:2)
  A quokka zombie (D:7)
  6 rats
151 creatures vanquished.

Vanquished Creatures (others)
  5 toadstools (D:1)
5 creatures vanquished.

Grand Total: 156 creatures vanquished

Notes
Turn   | Place    | Note
-------+----------+-------------------------------------------
     0 | D:1      | Infinimo the Demonspawn Transmuter began the quest for the
                  | Orb.
     0 | D:1      | Reached XP level 1. HP: 15/15 MP: 3/3
   146 | D:1      | Reached skill level 3 in Unarmed Combat
   177 | D:1      | Gained mutation: You sometimes gain a little power by
                  | taking damage. [demonic ancestry]
   177 | D:1      | Reached XP level 2. HP: 9/21 MP: 3/5
  1227 | D:1      | Reached XP level 3. HP: 26/26 MP: 4/6
  2256 | D:3      | Found a runed translucent gate.
  2256 | D:3      | Found a runed translucent gate.
  2256 | D:3      | Found a runed translucent gate.
  2275 | D:3      | Noticed Grim's ghost (amateur DECj)
  2275 | D:3      | Noticed floatboth's ghost (weakling DEMo)
  2389 | D:2      | Reached skill level 4 in Unarmed Combat
  2389 | D:2      | Gained mutation: You have sharp toenails. [demonic
                  | ancestry]
  2389 | D:2      | Reached XP level 4. HP: 4/32 MP: 5/7
  2817 | D:2      | Learned a level 3 spell: Spider Form
  3444 | D:3      | Gained mutation: You are partially covered in sharp spines.
                  | [demonic ancestry]
  3444 | D:3      | Reached XP level 5. HP: 25/37 MP: 8/8
  3815 | D:3      | Reached skill level 5 in Unarmed Combat
  4008 | D:3      | Found a bloodstained altar of Trog.
  4470 | D:4      | Found a blossoming altar of Fedhas.
  4561 | D:4      | Gained mutation: You have razor-sharp toenails. [demonic
                  | ancestry]
  4561 | D:4      | Reached XP level 6. HP: 36/43 MP: 5/9
  4940 | D:4      | Reached skill level 6 in Unarmed Combat
  5148 | D:4      | HP: 2/43 [poisoned by an adder]
  5156 | D:4      | HP: 1/43 [poisoned by an adder]
  5455 | D:4      | Gained mutation: You sometimes gain power by taking damage.
                  | [demonic ancestry]
  5455 | D:4      | Reached XP level 7. HP: 25/48 MP: 7/10
  5742 | D:4      | Got a faintly humming chain mail
  5753 | D:4      | Identified the +2 chain mail of Gravitas {rC+ MR+ Int-3
                  | Dex+4} (You found it on level 4 of the Dungeon)
  5899 | D:5      | Entered Level 5 of the Dungeon
  6141 | D:5      | Found Qeulaf's Armour Shop.
  6155 | D:5      | Reached skill level 7 in Unarmed Combat
  6287 | D:5      | Noticed Ijyb
  6297 | D:5      | Killed Ijyb
  6555 | D:5      | Reached skill level 5 in Transmutations
  6914 | D:5      | Reached XP level 8. HP: 49/54 MP: 7/11
  7656 | D:5      | Found an opulent altar of Gozag.
  7829 | D:6      | Reached skill level 8 in Unarmed Combat
  8925 | D:7      | Reached skill level 9 in Unarmed Combat
  9263 | D:7      | Gained mutation: You are mostly covered in sharp spines.
                  | [demonic ancestry]
  9263 | D:7      | Reached XP level 9. HP: 48/59 MP: 8/12
  9412 | D:7      | Slain by a killer bee

Skill      XL: |  1  2  3  4  5  6  7  8 |
---------------+-------------------------+-----
Unarmed Combat | 3 4 5 6 7 9 |  9.4
Transmutations | 2 3 4 5 6 |  6.5
Fighting       | |  1.0
Dodging        | |  1.7
Spellcasting   | |  2.0

Action                   |  1- 3 |  4- 6 |  7- 9 || total
-------------------------+-------+-------+-------++-------
Melee: Unarmed           |   132 |   150 |   235 ||   517
       Kick              |    16 |       |       ||    16
       Headbutt          |     7 |       |       ||     7
       Punch             |     2 |     2 |     2 ||     6
 Cast: Beastly Appendage |    25 |     2 |       ||    27
       Spider Form       |       |    20 |    22 ||    42
  Use: Scroll            |     8 |     5 |     3 ||    16
       Potion            |     1 |       |     1 ||     2
 Stab: Sleeping          |     1 |     1 |       ||     2
  Eat: Chunk             |     5 |     9 |     7 ||    21
       Ration            |       |     1 |     3 ||     4
Armor: Robe              |    18 |    10 |    23 ||    51
       Skin              |       |     4 |     4 ||     8
Dodge: Dodged            |    75 |    99 |   167 ||   341
